 Dungeon Crawl Stone Soup version 0.23.2-40-g277498a001 (webtiles) character file.

Game seed: 9847952510631716826

12331 Exodus22XD the Devastator (level 11, -3/54 HPs)
             Began as a Deep Elf Wizard on Sept 21, 2019.
             Was an Elder of Vehumet.
             Killed from afar by a manticore (19 damage)
             ... with a volley of spikes
             ... on level 11 of the Dungeon.
             The game lasted 01:20:46 (11575 turns).

Exodus22XD the Devastator (Deep Elf Wizard)        Turns: 11575, Time: 01:20:46

Health: -3/54      AC:  9    Str:  2    XL:     11   Next: 61%
Magic:  9/40       EV: 28    Int: 27    God:    Vehumet [****..]
Gold:   229        SH:  0    Dex: 17    Spells: 19/38 levels left

rFire    + . .     SeeInvis .   u - +4 quarterstaff (chaos)
rCold    . . .     Gourm    .   (shield currently unavailable)
rNeg     + + .     Faith    .   E - +2 robe "Tonut" {rPois rF+ rN++ Str-2}
rPois    +         Spirit   .   f - +0 helmet
rElec    +         Reflect  .   v - +1 cloak
rCorr    .         Harm     .   y - +0 pair of gloves
MR       .....                  o - +0 pair of boots
Stlth    +.........             s - amulet of Zurocoaxi {Acrobat rElec MR- Dex+4}
HPRegen  0.18/turn              i - ring of magical power
MPRegen  0.27/turn              L - ring of attention (curse)

@: barbed spikes, acrobat, very slightly contaminated
A: no striking features
a: Renounce Religion


You were on level 11 of the Dungeon.
You worshipped Vehumet.
Vehumet was greatly pleased with you.
You were not hungry.

You visited 2 branches of the dungeon, and saw 14 of its levels.
You also visited: Bailey.

You collected 753 gold pieces.
You spent 524 gold pieces at shops.

Inventory:

Hand Weapons
 u - a +4 quarterstaff of chaos (weapon)
 A - a +0 short sword of flaming
Armour
 f - a +0 helmet (worn)
 o - a +0 pair of boots (worn)
 v - a +1 cloak (worn)
 y - a +0 pair of gloves (worn)
 E - the +2 robe "Tonut" (worn) {rPois rF+ rN++ Str-2}
   (You found it on level 5 of the Dungeon)

   It affects your strength (-2).
   It protects you from fire.
   It protects you from poison.
   It greatly protects you from negative energy.
Jewellery
 h - an uncursed ring of positive energy
 i - a ring of magical power (left hand)
 s - the amulet of Zurocoaxi (around neck) {Acrobat rElec MR- Dex+4}
   (You bought it in a shop on level 6 of the Dungeon)

   [amulet of the acrobat]

   It helps you evade while moving and waiting.
   It affects your dexterity (+4).
   It insulates you from electricity.
   It affects your resistance to hostile enchantments.
 C - an uncursed ring of protection from cold
 L - a cursed ring of attention (right hand)
Wands
 D - a wand of random effects (30)
 J - a wand of disintegration (18)
Scrolls
 c - 2 scrolls of immolation
 l - 14 scrolls of remove curse
 m - a scroll of enchant armour {unknown}
 n - 2 scrolls of magic mapping {unknown}
 p - a scroll of blinking {unknown}
 q - 10 scrolls of teleportation
 r - 2 scrolls of amnesia {unknown}
 F - a scroll of random uselessness {unknown}
 G - a scroll of fog
 K - a scroll of enchant weapon {unknown}
 M - 2 scrolls of identify
Potions
 a - 2 potions of mutation {unknown}
 b - 2 potions of berserk rage {unknown}
 e - 3 potions of heal wounds {unknown}
 g - 2 potions of invisibility
 j - 2 potions of flight {unknown}
 k - 3 potions of haste
 t - a potion of magic {unknown}
 w - 2 potions of lignification {unknown}
 x - a potion of resistance {unknown}
 z - 5 potions of brilliance
 B - 5 potions of curing
 H - a potion of degeneration {unknown}
 I - 3 potions of agility {unknown}
Comestibles
 d - 19 rations


   Skills:
 - Level 0.4 Short Blades
 - Level 2.4 Dodging
 - Level 2.4 Stealth
 - Level 14.1 Spellcasting
 * Level 15.2 Conjurations
 - Level 4.1 Summonings
 - Level 1.1 Translocations


You had 19 spell levels left.
You knew the following spells:

 Your Spells              Type           Power        Failure   Level  Hunger
a - Magic Dart            Conj           ####         0%          1    None
b - Call Imp              Summ           #####...     1%          2    None
c - Blink                 Tloc           N/A          2%          2    None
d - Conjure Flame         Conj/Fire      ######..     1%          3    None
e - Mephitic Cloud        Conj/Pois/Air  #####...     1%          3    None
f - Freeze                Ice            ###.         1%          1    None
g - Searing Ray           Conj           ######       0%          2    None
h - Lightning Bolt        Conj/Air       ######....   1%          5    #......

Your spell library contained the following spells:

 Spells                   Type           Power        Failure   Level  Hunger
 Confusing Touch          Hex            ###...       2%          1    None
 Slow                     Hex            ###.....     4%          2    None
 Gell's Gravitas          Tloc           ####......   5%          3    None
 Confuse                  Hex            ###.....     9%          3    None
 Yara's Violent Unravell  Hex/Tmut       ###.......   21%         5    #......
 Petrify                  Tmut/Erth      ###.....     28%         4    None
 Metabolic Englaciation   Hex/Ice        ###.......   61%         5    #......


Dungeon Overview and Level Annotations

Branches:
Dungeon (13/15)            Temple (1/1) D:5
   Lair: D:8-11         Orc: D:9-12      Vaults: D:13-14

Altars:
Ashenzari
Cheibriados
Dithmenos
Fedhas
Gozag
Hepliaklqana
Kikubaaqudgha
Makhleb
Nemelex Xobeh
Okawaru
Qazlal
Ru
Sif Muna
Trog
Uskayaw
Vehumet
Wu Jian
Xom
Zin
The Shining One

Shops:
D:4 !   D:5 (   D:6 =*=[[*


Message History

The manticore flicks its tail.
The volley of spikes misses you.
Casting: Searing Ray (safe; 0% risk of failure)
Confirm with . or Enter, or press ? or * to list all spells.
Aiming: Searing Ray (safe; 0% risk of failure)
Press: ? - help, Shift-Dir - straight line, f/p - manticore
Aim: a manticore (heavily wounded)
The searing ray hits the manticore!
The manticore is severely wounded. (Press . to maintain the ray.)
The manticore flicks its tail.
The volley of spikes hits you!
The barbed spikes become lodged in your body.
* * * LOW HITPOINT WARNING * * *
The searing ray hits the manticore.
The manticore is severely wounded.
The manticore flicks its tail.
The volley of spikes hits you!!
The barbed spikes become lodged in your body.
You die...

#.... ##...............#
#).!##................#
#.....................#
#.....>..............##
#..##...................
##.................##
#............(..###
##......).....###
#.@?....... #○####....#
.)H# ##... #. ..)..# ..
.. ......## . .. .....#
.. ....# .. ..## ..


You could see a manticore.

Vanquished Creatures
  A hydra (D:11)
  4 two-headed ogres
  An unseen horror (D:11)
  A gargoyle (D:10)
  2 kobold demonologists (Bailey)
  3 trolls
  A hornet (D:9)
  A hippogriff (D:10)
  A meliai zombie (D:10)
  A spriggan (D:7)
  A shadow (D:11)
  A wyvern (D:11)
  2 wargs (D:11)
  A water moccasin (D:7)
  15 orc warriors
  2 black bears (D:7)
  2 ice beasts (D:10)
  3 phantoms
  3 centaurs
  5 ogres
  A necrophage (D:5)
  A gnoll sergeant (D:7)
  A bullfrog (D:8)
  2 wyvern zombies (D:6)
  3 scorpions
  3 killer bees (D:8)
  3 wights (D:6)
  An electric eel (Bailey)
  A howler monkey (D:5)
  4 crimson imps
  3 centaur zombies
  3 quasits
  Crazy Yiuf (D:2)
  2 jellies
  9 orc priests
  A bullfrog skeleton (D:5)
  5 hounds
  6 centaur skeletons
  Terence (D:2)
  6 iguanas
  12 orc wizards
  5 worker ants
  2 hound zombies
  4 hound skeletons
  A howler monkey zombie (D:5)
  6 worker ant zombies
  11 gnolls
  A howler monkey skeleton (D:5)
  10 adders
  3 shadow imps (D:5)
  6 oozes
  2 adder zombies
  2 adder skeletons
  A worm (D:2)
  A dart slug (D:3)
  9 leopard geckos
  35 orcs
  3 giant cockroaches
  18 goblins
  19 hobgoblins
  11 jackals
  7 quokkas
  A ball python (D:4)
  8 bats
  3 frilled lizards
  A giant cockroach zombie (D:6)
  10 kobolds
  A leopard gecko zombie (D:6)
  A quokka skeleton (D:7)
  7 rats
309 creatures vanquished.

Vanquished Creatures (collateral kills)
  A gargoyle (D:11)
  A crimson imp (D:11)
  An orc (D:8)
3 creatures vanquished.

Vanquished Creatures (others)
  A centaur warrior (D:12)
  A bullfrog (D:12)
2 creatures vanquished.

Grand Total: 314 creatures vanquished

Notes
Turn   | Place    | Note
-------+----------+-------------------------------------------
     0 | D:1      | Exodus22XD the Deep Elf Wizard began the quest for the Orb.
     0 | D:1      | Reached XP level 1. HP: 10/10 MP: 7/7
    61 | D:1      | Reached skill level 2 in Conjurations
    64 | D:1      | Reached XP level 2. HP: 10/15 MP: 0/9
   568 | D:1      | Reached skill level 3 in Conjurations
   574 | D:1      | Reached XP level 3. HP: 19/19 MP: 10/10
   874 | D:2      | Reached skill level 4 in Conjurations
   963 | D:2      | Reached XP level 4. HP: 23/24 MP: 9/12
   976 | D:2      | Learned a level 2 spell: Call Imp
   979 | D:2      | Learned a level 2 spell: Blink
   983 | D:2      | Learned a level 3 spell: Conjure Flame
   987 | D:2      | Learned a level 3 spell: Mephitic Cloud
  1141 | D:2      | Noticed Terence
  1152 | D:2      | Killed Terence
  1231 | D:2      | Reached XP level 5. HP: 28/28 MP: 13/13
  1249 | D:2      | Found a runed translucent door.
  1250 | D:2      | Noticed Crazy Yiuf
  1262 | D:2      | Killed Crazy Yiuf
  1548 | D:3      | Found an opulent altar of Gozag.
  1809 | D:3      | Reached skill level 5 in Spellcasting
  1883 | D:3      | Reached XP level 6. HP: 23/32 MP: 1/16
  2201 | D:3      | Found a sparkling altar of Nemelex Xobeh.
  2651 | D:4      | Found Panwuuw's Distillery.
  2656 | D:4      | Bought a potion of curing for 42 gold pieces
  2744 | D:4      | Reached skill level 5 in Conjurations
  2744 | D:4      | Reached XP level 7. HP: 31/36 MP: 13/19
  3061 | D:5      | Entered Level 5 of the Dungeon
  3072 | D:5      | Reached skill level 6 in Conjurations
  3099 | D:5      | Found Yvvek's Antique Weapon Boutique.
  3377 | D:5      | Reached skill level 7 in Conjurations
  3528 | D:5      | Reached XP level 8. HP: 41/41 MP: 4/20
  3642 | D:5      | Reached skill level 8 in Conjurations
  4013 | D:5      | Got a distressingly furry robe
  4024 | D:5      | Identified the +2 robe "Tonut" {rPois rF+ rN++ Str-2} (You
                  | found it on level 5 of the Dungeon)
  4118 | D:5      | Found a staircase to the Ecumenical Temple.
  4127 | Temple   | Entered the Ecumenical Temple
  4203 | Temple   | Became a worshipper of Vehumet
  4515 | D:6      | Found Kiffaedgh's Elemental Accessories.
  4658 | D:6      | Reached skill level 9 in Conjurations
  4761 | D:6      | Found a bloodstained altar of Trog.
  4813 | D:6      | Found Marobom's Jewellery Emporium.
  4837 | D:6      | Found Datalany's Jewellery Emporium.
  4926 | D:6      | Reached skill level 10 in Conjurations
  5038 | D:6      | Found Rivive's Armour Shop.
  5246 | D:6      | Found Zawkit's General Store.
  5253 | D:6      | Found Hirghusei's Antique Armour Emporium.
  5648 | D:7      | Found a bloodstained altar of Trog.
  5676 | D:7      | Reached XP level 9. HP: 45/45 MP: 1/23
  5883 | D:7      | Found a flagged portal.
  5942 | Bailey   | Entered a bailey
  6044 | Bailey   | Found an iron altar of Okawaru.
  6044 | Bailey   | Noticed a kobold demonologist
  6044 | Bailey   | Noticed a kobold demonologist
  6074 | Bailey   | Reached * piety under Vehumet
  6074 | Bailey   | Offered knowledge of Freeze by Vehumet.
  6083 | Bailey   | Noticed a smoke demon
  6084 | Bailey   | Killed a kobold demonologist
  6084 | Bailey   | Killed a kobold demonologist
  6084 | Bailey   | Reached skill level 10 in Spellcasting
  6507 | Bailey   | Learned a level 1 spell: Freeze
  6737 | Bailey   | Noticed a cacodemon
  6982 | D:7      | Reached XP level 10. HP: 49/50 MP: 29/29
  6985 | D:7      | Reached ** piety under Vehumet
  6985 | D:7      | Offered knowledge of Sting by Vehumet.
  7322 | D:8      | Reached skill level 11 in Conjurations
  7831 | D:8      | Offered knowledge of Searing Ray by Vehumet.
  8004 | D:8      | Learned a level 2 spell: Searing Ray
  8071 | D:6      | Bought the amulet of Zurocoaxi {Acrobat rElec MR- Dex+4}
                  | for 482 gold pieces
  8410 | D:9      | Reached *** piety under Vehumet
  8444 | D:9      | Reached skill level 12 in Conjurations
  8862 | D:9      | Noticed a two-headed ogre
  8881 | D:9      | Killed a two-headed ogre
  9562 | D:10     | Entered Level 10 of the Dungeon
  9591 | D:10     | Noticed a two-headed ogre
  9603 | D:10     | Noticed a gargoyle
  9619 | D:10     | Killed a gargoyle
  9621 | D:10     | Noticed a two-headed ogre
  9868 | D:10     | Reached skill level 13 in Conjurations
  9899 | D:10     | Offered knowledge of Ignite Poison by Vehumet.
 10000 | D:10     | Reached XP level 11. HP: 53/54 MP: 31/31
 10036 | D:10     | Noticed a two-headed ogre
 10051 | D:10     | Killed a two-headed ogre
 10248 | D:10     | You fall through a shaft for 3 floors!
 10369 | D:12     | Killed a centaur warrior
 10590 | D:11     | You fall through a shaft!
 10711 | D:10     | Killed a two-headed ogre
 10711 | D:10     | Reached skill level 14 in Conjurations
 10733 | D:10     | Killed a two-headed ogre
 11231 | D:11     | Reached **** piety under Vehumet
 11262 | D:11     | Killed an unseen horror
 11395 | D:11     | Noticed an eight-headed hydra
 11494 | D:11     | Killed an eight-headed hydra
 11494 | D:11     | Offered knowledge of Lightning Bolt by Vehumet.
 11494 | D:11     | Reached skill level 15 in Conjurations
 11501 | D:11     | Learned a level 5 spell: Lightning Bolt
 11575 | D:11     | Killed from afar by a manticore

Skill      XL: |  1  2  3  4  5  6  7  8  9 10 11 |
---------------+----------------------------------+-----
Conjurations   | 2 3 4 5 7 10 13 15 | 15.2
Summonings     | 2 4 |  4.1
Spellcasting   | 5 7 8 13 14 | 14.1
Short Blades   | |  0.4
Dodging        | |  2.4
Stealth        | |  2.4
Translocations | |  1.1

Action                   |  1- 3 |  4- 6 |  7- 9 | 10-12 || total
-------------------------+-------+-------+-------+-------++-------
Melee: Short sword       |     8 |       |       |       ||     8
       Quarterstaff      |       |       |     2 |       ||     2
 Cast: Magic Dart        |    80 |   157 |   341 |   213 ||   791
       Mephitic Cloud    |       |     8 |    20 |    26 ||    54
       Conjure Flame     |       |     7 |    45 |    43 ||    95
       Call Imp          |       |     1 |     1 |    11 ||    13
       Blink             |       |       |     7 |     6 ||    13
       Freeze            |       |       |     6 |    13 ||    19
       Searing Ray       |       |       |       |    54 ||    54
       Lightning Bolt    |       |       |       |     2 ||     2
Evoke: Wand              |       |       |    19 |     1 ||    20
  Use: Scroll            |       |     5 |     9 |       ||    14
       Potion            |       |       |     2 |     1 ||     3
  Eat: Chunk             |       |     6 |    13 |    11 ||    30
       Ration            |       |       |       |     1 ||     1
Armor: Robe              |     2 |    10 |    15 |    31 ||    58
Dodge: Dodged            |    14 |    28 |    44 |    93 ||   179
